AoeStats
← Ken

Arena

506318798Analyzed
1v1 RM · 18d ago on Sep 13, 2026· 30m 8s· 2 players
Game mode
Random Map
Map size
Tiny (2 player)
Population
200
Speed
Normal
Resources
Standard
Victory
Conquest
Starting age
Dark Age
Ending age
Imperial Age
RankedLock teamsTeams togetherTeam positionsShared explorationLock speedFull tech treeHidden civsTurbo modeCheats
Victory
Defeat
🇺🇸 Malay · United States
988
+15
🇨🇳 Maya · China
965
-15
Ken
16:19 Feudal Age
17:37 Loom
22:35 Castle Age
21:41 Double-Bit Axe
22:15 Horse Collar
23:41 Stone Mining
30:31 Squires
HiroNakamura152
11:01 Feudal Age
9:52 Loom
16:36 Castle Age
14:50 Double-Bit Axe
15:08 Horse Collar
16:48 Bow Saw
23:04 Wheelbarrow
25:40 Gold Mining
27:26 Scale Barding Armor
27:37 Hand Cart
27:19 Stone Mining
28:14 Forging
Connection lost

Rejoining the realm…

Still unreachable

The connection could not be restored.

Session expired

The server has moved on; the page needs a fresh start.